 Dungeon Crawl Stone Soup version 0.28.0-43-g3370ac3207 (webtiles) character file.

Game seed: 4491206635770297324

1323 pkoi the Insei (level 8, -7/67 HPs)
             Began as a Demigod Gladiator on Mar 25, 2022.
             Mangled by a two-headed ogre
             ... wielding a +0 giant club
              (14 damage)
             ... on level 5 of the Dungeon.
             The game lasted 00:05:34 (6130 turns).

pkoi the Insei (Demigod Gladiator)                  Turns: 6130, Time: 00:05:35

Health: -7/67      AC: 12    Str: 15    XL:     8   Next: 11%
Magic:  10/10      EV: 11    Int: 18    God:
Gold:   167        SH:  0    Dex: 15    Spells: 7/7 levels left

rFire   . . .      SeeInvis .     - Unarmed
rCold   . . .      Faith    .   (no shield)
rNeg    . . .      Spirit   .   g - quicksilver dragon scales
rPois   .          Reflect  .   b - +1 helmet
rElec   .          Harm     .   (no cloak)
rCorr   .          Rampage  .   (no gloves)
Will    +....                   (no boots)
Stlth   +.........              k - amulet of regeneration
HPRegen 1.01/turn               (no ring)
MPRegen 0.12/turn               (no ring)

@: about to teleport
A: high MP 1, forlorn, divine attributes
a: no special abilities


You were on level 5 of the Dungeon.
You visited 2 branches of the dungeon, and saw 6 of its levels.

You collected 167 gold pieces.

Inventory:

Hand Weapons
 e - a +3 short sword of draining
 h - a +3 short sword
 w - a +0 whip
Missiles
 c - 3 throwing nets
 i - 7 poisoned darts (quivered)
Armour
 a - a +0 leather armour
 b - a +1 helmet (worn)
 g - quicksilver dragon scales (worn)
Jewellery
 d - an amulet of magic regeneration
 k - an amulet of regeneration (around neck)
 m - an amulet of guardian spirit
Wands
 o - a wand of iceblast (8)
Scrolls
 f - 3 scrolls of teleportation
 t - 2 scrolls of enchant armour
Potions
 j - a potion of invisibility {unknown}
 l - 2 potions of haste {unknown}
 n - a potion of heal wounds {unknown}
 p - 3 potions of magic {unknown}
 q - 2 potions of curing {unknown}
 r - 2 potions of flight {unknown}
 s - 2 potions of mutation {unknown}
 u - a potion of degeneration {unknown}
 v - a potion of attraction {unknown}


   Skills:
 + Level 4.7 Fighting
 - Level 1.7 Throwing
 + Level 4.2 Armour
 - Level 2.6 Dodging
 * Level 7.4 Unarmed Combat


You had 7 spell levels left.
You didn't know any spells.
Your spell library contained the following spells:

 Spells                   Type           Power      Damage    Failure   Level
 Animate Skeleton         Necr           0%         N/A       38%         1
 Pain                     Necr           0%         1d4       38%         1
 Shock                    Conj/Air       0%         1d3       38%         1
 Inner Flame              Hex/Fire       0%         N/A       77%         3
 Swiftness                Air            0%         N/A       77%         3
 Vampiric Draining        Necr           0%         2d6       77%         3
 Airstrike                Air            0%         N/A       99%         4
 Cause Fear               Hex            0%         N/A       99%         4
 Olgreb's Toxic Radiance  Pois           0%         N/A       99%         4
 Ozocubu's Refrigeration  Ice            0%         4d5       100%        7
 Discord                  Hex            0%         N/A       100%        8
 Ignition                 Fire           0%         3d3       100%        8


Dungeon Overview and Level Annotations

Branches:
Dungeon (5/15)             Temple (1/1) D:4

Shops:
D:1 [


Innate Abilities, Weirdness & Mutations

You have an increased reservoir of magic. (+10% MP)
You shall have no god before yourself.
Your divine heritage dramatically boosts your attributes as you level up.


Message History

You barely miss the kobold brigand.
You punch the kobold brigand, but do no damage.
The kobold brigand is heavily wounded.
The kobold brigand hits you but does no damage.
You hit the kobold brigand but do no damage.
The kobold brigand is heavily wounded.
The kobold brigand barely misses you.
You hit the kobold brigand.
The kobold brigand is severely wounded.
You hit the kobold brigand but do no damage.
The kobold brigand is severely wounded.
The kobold brigand hits you but does no damage.
You punch the kobold brigand!
You kill the kobold brigand!
Your life force feels restored.
You punch the two-headed ogre!
The two-headed ogre is lightly wounded.
The two-headed ogre hits you with a +0 giant club!
The two-headed ogre hits you with a +0 giant spiked club!
* * * LOW HITPOINT WARNING * * *
You sense an unholy aura.
e - a +3 short sword of draining (weapon)
You hit the two-headed ogre but do no damage.
The two-headed ogre is lightly wounded.
The two-headed ogre hits you with a +0 giant club!!
* * * LOW HITPOINT WARNING * * *
The two-headed ogre hits you with a +0 giant spiked club!
* * * LOW HITPOINT WARNING * * *
You puncture the two-headed ogre! You drain the two-headed ogre.
The two-headed ogre is moderately wounded.
The two-headed ogre hits you but does no damage.
The two-headed ogre closely misses you.
Unknown command.
You are now empty-handed.
As you read the scroll of teleportation, it crumbles to dust.
You feel strangely unstable.
The two-headed ogre hits you with a +0 giant club!
* * * LOW HITPOINT WARNING * * *
The two-headed ogre hits you with a +0 giant spiked club!
You die...

#........#
#........#
######........#####
#..........#####...
#..........# #...
#.......#### #...
#.......# ####
##.###### #@# #O##
#..# #≈≈≈ ≈ ##.#
≈≈≈≈ ≈≈ #.# ≈≈≈≈≈
≈≈ #)# ≈≈≈≈≈ ≈≈
#)#≈≈≈≈≈≈ ≈≈
#.#Z≈≈≈≈≈ ≈≈
#.'...... ..


You could see a two-headed ogre (drained).

Vanquished Creatures
  Edmund (D:5)
  2 water moccasins (D:5)
  2 necrophages
  3 ogres
  A kobold brigand (D:5)
  Blork the orc (D:4)
  2 water moccasin zombies (D:5)
  A bullfrog zombie (D:3)
  A hound (D:4)
  Jessica (D:3)
  An iguana (D:5)
  2 orc wizards
  3 gnolls (D:5)
  5 adders
  An ufetubus (D:3)
  2 worms
  8 dart slugs
  6 orcs
  8 endoplasms
  2 giant cockroaches
  6 goblins
  5 hobgoblins
  13 kobolds
  2 quokkas
  4 ball pythons
  9 bats
  3 frilled lizards
  2 rats (D:2)
97 creatures vanquished.

Notes
Turn   | Place    | Note
-------+----------+-------------------------------------------
     0 | D:1      | pkoi the Demigod Gladiator began the quest for the Orb.
     0 | D:1      | Reached XP level 1. HP: 17/17 MP: 3/3
    37 | D:1      | Reached skill level 3 in Unarmed Combat
   117 | D:1      | Reached XP level 2. HP: 13/24 MP: 4/4
   614 | D:1      | Found Pacw's Armour Shoppe.
  1174 | D:2      | Reached skill level 4 in Unarmed Combat
  1174 | D:2      | Reached XP level 3. HP: 11/29 MP: 5/5
  2468 | D:3      | Reached XP level 4. HP: 36/36 MP: 6/6
  2525 | D:3      | Reached skill level 1 in Armour
  2958 | D:3      | Reached XP level 5. HP: 32/42 MP: 7/7
  3254 | D:3      | Noticed Jessica
  3267 | D:3      | Killed Jessica
  3767 | D:4      | Noticed Blork the orc
  3770 | D:4      | Found a staircase to the Ecumenical Temple.
  3785 | D:4      | Killed Blork the orc
  3786 | D:4      | Reached skill level 5 in Unarmed Combat
  3796 | Temple   | Entered the Ecumenical Temple
  4344 | D:4      | Noticed an ogre
  4353 | D:4      | Killed an ogre
  4354 | D:4      | Reached XP level 6. HP: 26/51 MP: 8/8
  4965 | D:4      | Reached skill level 6 in Unarmed Combat
  5234 | D:5      | Entered Level 5 of the Dungeon
  5272 | D:5      | Reached XP level 7. HP: 35/58 MP: 9/9
  5691 | D:5      | Noticed Edmund
  5703 | D:5      | Killed Edmund
  5704 | D:5      | Reached skill level 7 in Unarmed Combat
  6087 | D:5      | Noticed a two-headed ogre
  6088 | D:5      | Reached XP level 8. HP: 61/65 MP: 10/10
  6130 | D:5      | Mangled by a two-headed ogre

Illustrated notes

Levels and vault maps discovered:
D:1:      co_arrival_square_in_a_square_in_a_square, layout_loops_ring,
          serial_shops, shop
D:2:      layout_loops_ring, chequers_ecumenical_altar_simple_redux,
          minmay_unequal
D:3:      layout_basic, kennysheep_generic_room_9, uniq_jessica
D:4:      layout_gridville, lemuel_doored_altar, mainiacjoe_overflow_catwalk,
          minmay_temple_entry_junction_2, minivault_27, uniq_blork_the_orc
D:5:      kennysheep_big_flooded_room, layout_basic, uniq_edmund
Temple:   mainiacjoe_temple_cubbyholes

Skill      XL: |  1  2  3  4  5  6  7 |
---------------+----------------------+-----
Unarmed Combat | 3 4 5 6 7 |  7.4
Fighting       | 2 3 4 |  4.7
Armour         | 1 2 3 4 |  4.2
Throwing       | |  1.7
Dodging        | |  2.6

Action                   |  1- 3 |  4- 6 |  7- 9 || total
-------------------------+-------+-------+-------++-------
Melee: Unarmed           |   195 |   225 |    92 ||   512
       Punch             |     6 |     6 |     4 ||    16
       Short sword       |       |       |     5 ||     5
Throw: Dart              |       |     1 |       ||     1
Evoke: Wand              |       |       |     2 ||     2
  Use: Scroll            |       |     7 |     2 ||     9
Armor: Leather armour    |    31 |       |       ||    31
       Quicksilver drago |    49 |   119 |    27 ||   195
Dodge: Dodged            |   109 |   143 |    44 ||   296
